Map: Romanticide LE

Players

Cham

  • Race: Zerg Zerg

Kelazhur - Winner!

  • Race: Terran Terran

Event: DreamHack SC2 Masters 2021 Fall

VOD

Have the link to the VOD?

Description

Time

  • Played on: Aug. 1, 2021, 4:10 p.m.
  • Length: 24:38

All games in this series

Show
View Real Time Build Order
Export as new Build Order

Cham Zerg 

Build Orders: Hatch First 

Get SALT Encoding   

  12  0:00  Drone  
  13  0:09  Drone  
  14  0:19  Overlord  
  14  0:40  Drone x2  
  16  0:50  Hatchery  
  16  0:53  Drone  
  17  0:57  Drone  
  17  1:02  Drone  
  18  1:15  Spawning Pool  
  18  1:18  Extractor  
  16  1:19  Drone  
  16  1:24  Drone  
  18  1:34  Drone  
  19  1:46  Drone  
  20  1:55  Drone  
  21  2:02  Queen x2  
  21  2:03  Zergling x2  
  21  2:06  Zergling x2  
  27  2:21  Hatchery  
  26  2:23  Drone  
  26  2:26  Metabolic Boost  
  27  2:35  Drone  
  27  2:36  Overlord  
  28  2:47  Overlord  
  28  2:53  Queen  
  28  2:55  Drone x2  
  32  3:00  Drone x3  
  35  3:09  Drone  
  36  3:14  Drone x3  
  39  3:21  Drone  
  39  3:27  Drone x4  
  41  3:32  Queen, Overlord  
  46  3:36  Queen  
  48  3:44  Baneling Nest  
  47  3:48  Drone  
  47  3:49  Drone x2  
  47  3:51  Queen  
  47  3:53  Overlord  
  52  3:55  Drone  
  52  3:57  Drone  
  52  3:59  Drone  
  52  4:01  Drone  
  56  4:04  Drone x2  
  56  4:08  Overlord  
  58  4:14  Queen  
  60  4:18  Drone x4  
  60  4:19  Drone  
  60  4:20  Drone  
  66  4:25  Lair  
  66  4:29  Drone x2  
  66  4:30  Drone x2  
  70  4:35  Drone x2  
  70  4:37  Overlord  
  72  4:39  Spore Crawler  
  72  4:40  Spore Crawler  
  72  4:41  Extractor, Drone  
  72  4:44  Spore Crawler, Drone  
  70  4:47  Drone  
  70  4:48  Overlord  
  70  4:49  Drone  
  70  4:50  Drone  
  70  4:52  Drone  
  74  4:54  Overlord  
  74  4:55  Overlord  
  74  4:57  Drone  
  74  4:59  Drone  
  76  5:08  Extractor  
  76  5:09  Drone, Evolution Chamber, Overlord  
  76  5:10  Drone  
  76  5:11  Evolution Chamber  
  76  5:12  Extractor  
  76  5:13  Extractor  
  73  5:16  Zergling x6  
  73  5:17  Zergling x6  
  73  5:18  Zergling x2  
  73  5:20  Overlord  
  73  5:21  Drone  
  81  5:25  Hatchery  
  81  5:28  Centrifical Hooks  
  80  5:33  Baneling x3  
  80  5:34  Baneling  
  80  5:35  Overlord  
  80  5:40  Drone x4  
  80  5:41  Drone x2  
  86  5:46  Zergling x2, Overlord  
  87  5:51  Zergling x6  
  87  5:52  Zergling x4  
  87  5:54  Zergling x2, Overlord  
  93  6:03  Drone  
  91  6:04  Spire  
  91  6:06  Zergling x4  
  91  6:08  Zergling x2  
  81  6:20  Zergling x2  
  81  6:23  Drone  
  81  6:24  Drone x7  
  84  6:29  Zerg Missile Weapons Level 1  
  84  6:30  Zerg Ground Armor Level 1  
  81  6:33  Extractor  
  81  6:36  Drone x3  
  81  6:37  Overlord  
  81  6:40  Drone  
  81  6:41  Roach Warren  
  81  6:44  Drone x2  
  81  6:46  Overlord  
  83  6:53  Zergling x4  
  85  7:02  Drone  
  84  7:08  Zergling x2  
  84  7:09  Drone x3, Overlord  
  84  7:10  Drone  
  89  7:16  Corruptor x3  
  89  7:18  Corruptor x3  
  101  7:23  Corruptor  
  101  7:28  Corruptor  
  105  7:36  Corruptor x2  
  109  7:46  Roach x3  
  109  7:47  Roach x6  
  116  8:01  Roach x5  
  116  8:02  Drone, Glial Reconstitution  
  116  8:03  Drone x3  
  129  8:06  Drone  
  129  8:08  Drone  
  129  8:09  Drone x3, Infestation Pit  
  129  8:10  Evolution Chamber  
  132  8:16  Extractor  
  132  8:17  Extractor  
  132  8:18  Corruptor x2  
  134  8:21  Drone, Overlord  
  134  8:22  Drone x3  
  134  8:25  Drone  
  134  8:26  Drone x2  
  141  8:32  Zerg Melee Weapons Level 1  
  141  8:33  Zerg Ground Armor Level 2  
  141  8:37  Zerg Missile Weapons Level 2  
  141  8:40  Drone  
  141  8:41  Drone  
  143  8:44  Hatchery  
  142  8:51  Overlord  
  142  8:53  Zergling x6, Roach x4  
  153  9:00  Zergling x8  
  153  9:01  Zergling x2  
  158  9:04  Overlord  
  158  9:07  Drone x3  
  158  9:08  Overlord  
  161  9:13  Zergling x6, Roach x4  
  164  9:18  Baneling x4  
  164  9:19  Ravager x5  
  167  9:25  Zergling x2  
  167  9:26  Zergling x14  
  174  9:35  Hive  
  174  9:37  Drone x4  
  178  9:38  Overlord  
  178  9:40  Roach x2  
  178  9:44  Baneling x3  
  182  9:47  Ravager x3, Overseer  
  182  9:51  Baneling x5  
  182  9:52  Zergling x12  
  191  9:57  Zerg Flyer Weapons Level 1  
  191  10:02  Baneling x5  
  181  10:27  Spine Crawler x2  
  181  10:28  Zergling x12, Roach x2  
  183  10:29  Zergling x22  
  199  10:36  Overlord  
  199  10:42  Overlord  
  197  11:01  Corruptor x3  
  197  11:02  Corruptor  
  197  11:03  Spine Crawler x2  
  195  11:07  Drone x2  
  195  11:08  Drone  
  195  11:09  Drone x2  
  198  11:17  Baneling x4  
  169  11:35  Zergling x2, Roach x12  
  169  11:38  Zergling x4, Roach x2  
  183  11:43  Roach x5  
  189  11:50  Zergling x4  
  189  11:52  Drone x2  
  189  11:54  Zergling x2  
  191  11:56  Zerg Melee Weapons Level 2, Zerg Missile Weapons Level 3, Zerg Ground Armor Level 3  
  191  12:01  Ravager  
  191  12:02  Ravager x7  
  199  12:09  Spine Crawler  
  199  12:10  Spine Crawler  
  199  12:12  Extractor x2  
  199  12:13  Hatchery  
  199  12:14  Ravager  
  194  12:17  Ravager  
  193  12:23  Zergling x4  
  193  12:24  Zergling x6  
  193  12:28  Greater Spire  
  198  12:30  Spire  
  197  12:40  Corruptor x3  
  194  12:45  Corruptor x2  
  194  12:46  Corruptor  
  194  12:51  Zergling x6  
  199  13:11  Baneling x4  
  199  13:16  Hatchery  
  192  13:29  Zergling x14  
  162  13:50  Zergling x2  
  162  13:51  Zergling x48  
  162  13:52  Zergling x2  
  184  13:57  Zergling x2  
  184  14:01  Drone x3  
  184  14:03  Baneling  
  184  14:06  Drone x2  
  184  14:07  Drone  
  183  14:10  Baneling x14  
  183  14:11  Baneling x14, Drone  
  183  14:12  Zergling x6  
  183  14:16  Zerg Flyer Weapons Level 2, Zerg Melee Weapons Level 3  
  185  14:17  Zerg Flyer Armor Level 1  
  185  14:21  Drone x5  
  185  14:23  Spine Crawler, Unknown  
  188  14:25  Baneling x5  
  188  14:26  Spine Crawler  
  180  14:35  Drone  
  180  14:36  Zergling x2, Drone x2  
  180  14:37  Zergling x24  
  196  14:42  Spine Crawler  
  190  15:04  Corruptor x3  
  190  15:07  Zergling x8  
  198  15:13  Spine Crawler  
  199  15:16  Baneling x3, Spine Crawler  
  199  15:21  Overseer  
  198  15:30  Zergling x4  
  198  15:31  Hatchery  
  143  15:45  Mutalisk  
  143  15:46  Mutalisk x20  
  176  15:57  Drone  
  176  15:58  Drone x2  
  176  16:02  Drone x4  
  174  16:17  Roach x12  
  198  16:22  Roach x2  
  199  16:36  Roach  
  195  16:46  Roach x2  
  194  16:49  Corruptor x3  
  194  16:50  Roach x2  
  194  16:52  Zergling x2  
  194  16:53  Zergling x6  
  198  17:00  Zergling x4  
  198  17:14  Zergling x4  
  194  17:17  Ravager x6  
  145  17:44  Corruptor x2  
  145  17:45  Zergling x10, Roach x2  
  145  17:47  Zergling x24  
  145  17:50  Zerg Flyer Armor Level 2, Zerg Flyer Weapons Level 3  
  164  17:53  Extractor  
  164  17:55  Extractor, Corruptor x3  
  164  17:56  Spore Crawler x2, Zergling x6  
  164  17:57  Spore Crawler  
  168  17:59  Ravager x3  
  168  18:00  Ravager x2  
  168  18:01  Zergling x6  
  168  18:02  Zergling x8  
  180  18:05  Corruptor x2  
  180  18:11  Baneling x3  
  180  18:12  Baneling  
  176  18:18  Drone x5  
  179  18:23  Corruptor x5  
  189  18:30  Baneling x5, Spine Crawler  
  189  18:31  Baneling x3  
  189  18:33  Zergling x2  
  189  18:35  Baneling x2  
  189  18:36  Baneling x2  
  189  18:39  Zergling x2  
  189  18:40  Zergling x6  
  193  18:42  Zergling x2  
  192  19:00  Zergling x16  
  192  19:02  Baneling x5  
  200  19:03  Baneling x2  
  199  19:10  Pathogen Glands  
  199  19:12  Burrow  
  194  19:22  Drone x3, Hatchery  
  196  19:27  Baneling x8  
  196  19:30  Zergling x2  
  196  19:31  Zergling x6  
  200  19:34  Baneling x14  
  172  19:53  Zergling x18  
  172  19:54  Zergling x20  
  172  19:56  Zergling x4  
  170  20:07  Neural Parasite  
  170  20:17  Zergling x30  
  185  20:21  Zergling x2  
  185  20:27  Baneling x5  
  185  20:28  Zergling x6, Baneling x3  
  185  20:29  Zergling x2  
  162  20:38  Roach x5  
  162  20:39  Roach x3  
  176  20:42  Corruptor  
  176  20:43  Corruptor  
  178  20:52  Corruptor x4  
  178  20:53  Roach x3  
  191  21:13  Corruptor x5  
  179  21:28  Corruptor x3  
  179  21:29  Corruptor  
  175  21:42  Corruptor x2  
  175  21:54  Corruptor x2  
  168  22:00  Corruptor x2  
  172  22:10  Hatchery  
  171  22:18  Infestor x4, Hatchery  
  171  22:19  Infestor x2  
  182  22:27  Corruptor x2  
  186  22:35  Roach  
  186  22:37  Ravager x7  
  190  22:38  Zergling x2  
  190  22:39  Zergling x6  
  190  22:40  Baneling  
  190  22:41  Baneling  
  199  22:46  Baneling x4  
  199  22:51  Baneling x8  
  199  23:04  Zergling x2  
  199  23:05  Zergling x2  
  199  23:29  Corruptor x7  
  189  23:37  Corruptor  
  147  23:56  Corruptor  
  147  23:57  Corruptor x2  
Show
View Real Time Build Order
Export as new Build Order

Kelazhur Terran - Winner!

Build Orders: Reaper Expand 

Get SALT Encoding   

  12  0:00  SCV  
  13  0:12  SCV  
  14  0:20  Supply Depot  
  14  0:24  SCV  
  15  0:42  SCV  
  16  0:43  Barracks  
  16  0:44  Refinery  
  16  0:54  SCV  
  17  1:06  SCV  
  18  1:18  SCV  
  19  1:30  Reaper, Orbital Command  
  20  1:41  Command Center  
  20  1:51  Supply Depot  
  20  1:55  SCV  
  21  2:02  Marine  
  21  2:05  Factory  
  21  2:08  SCV  
  23  2:20  SCV  
  23  2:22  Barracks Reactor  
  24  2:32  SCV  
  25  2:44  SCV, Command Center  
  26  2:54  Orbital Command  
  26  2:57  SCV  
  27  3:01  Starport  
  27  3:10  Hellion  
  27  3:11  SCV  
  30  3:14  Hellion  
  32  3:20  SCV  
  32  3:23  SCV  
  32  3:25  Refinery  
  32  3:26  Barracks Tech Lab  
  34  3:32  SCV  
  35  3:36  Hellion x2  
  35  3:39  SCV  
  40  3:44  SCV  
  40  3:48  Refinery  
  41  3:51  SCV  
  42  3:56  Fusion Core  
  42  3:57  Orbital Command  
  42  3:58  SCV  
  43  4:03  SCV  
  43  4:07  Hellion x2  
  48  4:10  SCV  
  52  4:17  SCV  
  52  4:22  Supply Depot  
  52  4:23  SCV x2  
  55  4:29  Supply Depot, SCV  
  56  4:35  SCV x2  
  56  4:37  Hellion  
  60  4:44  Hellion  
  65  4:45  Battlecruiser  
  65  4:49  SCV x2, Supply Depot  
  67  4:56  Refinery  
  67  4:57  SCV  
  68  5:00  Weapon Refit  
  68  5:01  SCV x2  
  68  5:06  Hellion x2  
  74  5:11  SCV  
  74  5:12  Supply Depot  
  75  5:14  SCV  
  75  5:15  SCV  
  77  5:25  SCV  
  77  5:26  Factory  
  77  5:27  Factory  
  78  5:29  Hellion x2  
  78  5:33  SCV  
  78  5:34  Orbital Command  
  83  5:36  SCV  
  84  5:43  Supply Depot  
  84  5:46  SCV  
  84  5:47  Refinery  
  84  5:48  SCV  
  86  5:51  Battlecruiser  
  86  5:52  Refinery  
  92  5:58  SCV  
  93  6:04  SCV x2  
  93  6:05  Supply Depot  
  93  6:06  Supply Depot  
  95  6:11  SCV  
  98  6:18  Hellion  
  98  6:19  Hellion  
  98  6:20  SCV  
  98  6:22  SCV  
  98  6:23  SCV  
  95  6:28  Command Center, Factory Tech Lab x2  
  95  6:32  SCV  
  94  6:34  SCV  
  94  6:35  SCV  
  94  6:42  Engineering Bay  
  94  6:43  Armory  
  94  6:44  SCV  
  94  6:46  SCV  
  96  6:49  Cyclone  
  96  6:50  Cyclone  
  96  6:51  SCV  
  103  6:56  SCV  
  110  7:01  Battlecruiser  
  110  7:03  SCV  
  110  7:04  SCV  
  112  7:09  SCV  
  112  7:10  Hellion x2  
  117  7:17  Supply Depot  
  117  7:18  Supply Depot x2  
  117  7:27  Armory  
  117  7:29  Factory  
  117  7:30  Supply Depot, Factory  
  117  7:38  Cyclone x2  
  123  7:48  Supply Depot  
  123  7:50  Hellion x2  
  127  7:52  Supply Depot  
  127  7:57  SCV  
  122  7:59  Infernal Pre-Igniter, Mag-Field Accelerator  
  122  8:06  Missile Turret  
  122  8:08  Missile Turret  
  122  8:09  Terran Vehicle Weapons Level 1  
  122  8:11  SCV x3  
  125  8:14  Terran Vehicle And Ship Armor Level 1  
  125  8:15  Missile Turret  
  125  8:17  Siege Tank x2  
  125  8:18  Hellion  
  131  8:23  SCV x2  
  131  8:24  Missile Turret  
  133  8:30  SCV  
  134  8:35  SCV, Planetary Fortress  
  134  8:37  Refinery x2, Sensor Tower, Factory Reactor, Factory Tech Lab  
  134  8:39  SCV  
  136  8:42  SCV  
  136  8:46  Hellion x2  
  136  8:47  SCV  
  142  8:51  SCV  
  142  8:54  Siege Tank x2  
  149  8:56  SCV  
  149  9:00  SCV  
  151  9:03  Command Center  
  151  9:07  Siege Tank  
  154  9:12  Supply Depot  
  154  9:13  Supply Depot  
  154  9:22  Hellion x4  
  162  9:29  Siege Tank x2  
  166  9:40  Siege Tank, Command Center  
  169  9:46  Battlecruiser  
  169  9:48  Hellion x2  
  169  9:49  Hellion  
  179  10:09  Siege Tank  
  179  10:10  Siege Tank  
  179  10:11  Hellion  
  182  10:16  Smart Servos  
  182  10:17  Siege Tank  
  182  10:18  Hellion x3  
  187  10:25  Terran Vehicle Weapons Level 2  
  187  10:26  Terran Vehicle And Ship Armor Level 2  
  187  10:27  Sensor Tower, Missile Turret x2  
  183  10:32  Hellion  
  185  10:41  Hellion  
  185  10:42  Siege Tank x2  
  193  10:45  Factory  
  193  10:46  Factory  
  193  10:47  Planetary Fortress  
  193  10:48  Factory  
  193  10:49  Hellion, Siege Tank  
  200  10:50  Hellion  
  200  10:56  Unknown  
  200  11:23  Sensor Tower  
  200  11:28  Hellion  
  200  11:29  Siege Tank  
  200  11:30  Siege Tank  
  181  11:33  Siege Tank  
  181  11:36  Hellion x3  
  181  11:38  Factory Reactor, Factory Tech Lab x2  
  163  11:43  Missile Turret x2  
  163  11:44  SCV x2  
  156  11:49  SCV  
  156  11:50  Hellion  
  156  11:57  Missile Turret  
  156  11:58  Missile Turret  
  156  11:59  Command Center, Hi-Sec Auto Tracking  
  156  12:01  Siege Tank  
  156  12:02  Siege Tank  
  156  12:04  Siege Tank x2  
  156  12:05  Siege Tank  
  171  12:12  Hellion x2  
  175  12:30  Missile Turret  
  175  12:33  Starport x2  
  175  12:37  Starport  
  175  12:41  Siege Tank x3  
  175  12:42  Siege Tank  
  175  12:43  Hellion x2  
  175  12:44  Siege Tank, Hellion  
  196  12:56  Neosteel Armor  
  196  12:59  Terran Vehicle And Ship Armor Level 3, Terran Vehicle Weapons Level 3, Missile Turret  
  196  13:00  Missile Turret  
  196  13:15  Viking  
  186  13:27  Siege Tank x3  
  186  13:28  Hellion, Siege Tank  
  200  13:41  Hellion x2  
  199  13:45  Planetary Fortress, Battlecruiser  
  199  13:48  Hellion, Siege Tank  
  173  13:49  Hellion  
  165  13:57  Planetary Fortress  
  165  13:59  Siege Tank x2  
  165  14:00  Siege Tank  
  168  14:03  Starport Tech Lab  
  168  14:04  Starport Tech Lab x2  
  162  14:14  Hellion x6  
  162  14:15  Siege Tank  
  177  14:20  Siege Tank  
  180  14:31  Siege Tank  
  180  14:32  Siege Tank  
  180  14:37  Command Center  
  186  14:40  Command Center  
  186  14:46  Siege Tank  
  186  14:47  Siege Tank  
  186  14:52  Siege Tank  
  195  14:58  Battlecruiser x2  
  197  15:16  Advanced Ballistics  
  197  15:23  Command Center  
  197  15:24  Siege Tank, Command Center  
  200  15:37  Terran Ship Weapons Level 1  
  200  15:38  Hellion x4  
  200  15:39  Siege Tank  
  200  15:42  Refinery  
  185  15:43  Refinery, Siege Tank  
  185  15:44  Hellion x2  
  185  15:47  Siege Tank x2  
  192  16:10  Hellion x2  
  199  16:15  Command Center  
  199  16:24  Thor  
  195  16:27  Thor  
  195  16:30  Missile Turret  
  195  16:32  Missile Turret x2  
  186  16:33  Missile Turret  
  186  16:35  Missile Turret x3  
  186  16:36  Battlecruiser  
  186  16:39  Thor  
  172  16:51  Battlecruiser  
  169  17:02  Thor  
  168  17:11  Thor  
  168  17:13  SCV x2  
  168  17:15  SCV  
  173  17:17  SCV  
  173  17:22  SCV  
  173  17:23  SCV  
  173  17:29  Orbital Command  
  173  17:34  SCV  
  172  17:42  Siege Tank x3  
  174  17:44  SCV  
  174  17:45  Siege Tank  
  173  17:59  Missile Turret  
  173  18:00  Hellion  
  173  18:01  Hellion x2  
  179  18:12  Terran Ship Weapons Level 2  
  179  18:13  Battlecruiser  
  185  18:25  Battlecruiser  
  191  18:36  SCV x3  
  191  18:37  SCV  
  191  18:38  Orbital Command x2  
  191  18:39  Orbital Command, Missile Turret  
  195  18:41  Hellion  
  195  18:44  SCV  
  198  19:05  Missile Turret  
  198  19:15  Planetary Fortress  
  192  19:18  Refinery  
  192  19:19  Refinery  
  192  19:20  Command Center  
  192  19:33  Battlecruiser  
  198  19:46  Siege Tank  
  198  19:47  Siege Tank  
  198  19:48  Hellion x4  
  198  19:50  Siege Tank x2  
  198  19:51  Hellion x2  
  181  20:08  Hellion  
  181  20:09  Hellion  
  185  20:18  Siege Tank  
  188  20:23  Hellion x5  
  183  20:35  Battlecruiser  
  183  20:36  Battlecruiser x2  
  183  20:38  Siege Tank  
  184  20:47  Hellion x4  
  184  20:52  Missile Turret  
  184  20:59  Missile Turret  
  184  21:07  Hellion x3  
  190  21:25  Hellion x4  
  188  21:30  Siege Tank x4  
  196  21:46  Siege Tank  
  193  21:59  Battlecruiser  
  199  22:16  Missile Turret  
  199  22:19  Drilling Claws  
  199  22:34  Missile Turret  
  199  22:35  Refinery, Planetary Fortress  
  199  22:37  Refinery  
  199  22:40  Missile Turret  
  199  23:07  Command Center  
  199  23:08  Missile Turret  
  199  23:12  Command Center  
  199  23:13  Command Center  
  196  24:01  Hellion x6  
  190  24:03  Cyclone x3  
  190  24:04  Cyclone x2  

Tags
 
Add a new tag
Caveats
  • Supply blocks, unpowered buildings, or Contaminate may cause inaccurate times.
  • Supply counts are checked every 10 seconds.